 Dungeon Crawl Stone Soup version 0.23.1 (webtiles) character file.

Game seed: 0

845 MisterOstroum the Magician (level 7, -1/32 HPs)
             Began as a Spriggan Enchanter on Mar 16, 2019.
             Was a Follower of Makhleb.
             Slain by a phantom (8 damage)
             ... on level 4 of the Dungeon.
             The game lasted 01:06:54 (6074 turns).

MisterOstroum the Magician (Spriggan Enchanter)     Turns: 6074, Time: 01:06:55

Health: -1/32      AC:  3    Str:  4    XL:     7   Next: 68%
Magic:  1/17       EV: 18    Int: 19    God:    Makhleb [*.....]
Gold:   313        SH:  0    Dex: 16    Spells: 6/18 levels left

rFire    + . .     SeeInvis +   a - +1 dagger
rCold    x . .     Gourm    .   (shield restricted)
rNeg     . . .     Faith    .   b - +0 robe
rPois    .         Spirit   .   (helmet restricted)
rElec    .         Reflect  .   m - +0 cloak
rCorr    +         Harm     .   (gloves unavailable)
MR       +....                  (boots unavailable)
Stlth    +++.......             (no amulet)
HPRegen  0.10/turn              r - ring of fire
MPRegen  0.15/turn              p - ring of resist corrosion

@: very slightly contaminated, very quick
A: very small, unfitting armour, see invisible, herbivore, speed 3, slow
metabolism 2
a: Renounce Religion


You were on level 4 of the Dungeon.
You worshipped Makhleb.
Makhleb was aware of your devotion.
You were not hungry.

You visited 2 branches of the dungeon, and saw 7 of its levels.

You collected 313 gold pieces.

Inventory:

Hand Weapons
 a - a +1 dagger (weapon)
 i - a +0 hand axe
 u - a +0 blowgun
Missiles
 h - 115 stones (quivered)
 q - 49 poisoned needles
 v - 3 curare-tipped needles
 B - 5 tomahawks
Armour
 b - a +0 robe (worn)
 m - a +0 cloak (worn)
Jewellery
 p - a ring of resist corrosion (right hand)
 r - a ring of fire (left hand)
Wands
 w - a wand of clouds (4)
 C - a wand of iceblast (7)
Scrolls
 c - a scroll of noise {unknown}
 e - 2 scrolls of fear {unknown}
 l - 2 scrolls of teleportation
 o - 3 scrolls of remove curse {unknown}
 s - a scroll of enchant armour {unknown}
 t - 6 scrolls of identify
 y - a scroll of immolation {unknown}
Potions
 f - 2 potions of brilliance
 g - a potion of heal wounds
 j - a potion of mutation {unknown}
 k - a potion of curing {unknown}
 n - 2 potions of might {unknown}
 x - a potion of flight {unknown}
 z - a potion of lignification {unknown}
 A - a potion of resistance
Comestibles
 d - 5 rations


   Skills:
 + Level 5.2 Short Blades
 - Level 3.0 Dodging
 + Level 5.4 Stealth
 - Level 6.0 Spellcasting
 - Level 5.0 Hexes
 * Level 3.4 Ice Magic


You had 6 spell levels left.
You knew the following spells:

 Your Spells              Type           Power        Failure   Level  Hunger
a - Corona                Hex            ###....      1%          1    None
b - Ensorcelled Hibernat  Hex/Ice        ###...       3%          2    None
c - Confuse               Hex            ###.....     4%          3    ##.....
d - Tukima's Dance        Hex            ###.....     4%          3    ##.....
e - Dazzling Spray        Conj/Hex       ###...       12%         3    ##.....

Your spell library contained the following spells:

 Spells                   Type           Power        Failure   Level  Hunger


Dungeon Overview and Level Annotations

Branches:
Dungeon (6/15)             Temple (1/1) D:5

Altars:
Ashenzari
Cheibriados
Dithmenos
Elyvilon
Fedhas
Gozag
Hepliaklqana
Kikubaaqudgha
Makhleb
Okawaru
Qazlal
Ru
Sif Muna
Trog
Uskayaw
Vehumet
Wu Jian
Xom
Yredelemnul
Zin
The Shining One


Innate Abilities, Weirdness & Mutations

You are very small and have problems with some larger weapons.
You are too small for most types of armour.
You have supernaturally acute eyesight. (SInv)
You are a herbivore.
You cover ground extremely quickly.
You need to consume almost no food.


Message History

The phantom easily resists.
The phantom is too close now for your liking.
You hit the phantom but do no damage.
The phantom is heavily damaged.
The phantom hits you.
You closely miss the phantom.
The phantom is heavily damaged.
You hit the phantom but do no damage.
The phantom is heavily damaged.
The phantom hits you!
* * * LOW HITPOINT WARNING * * *
Casting: Confuse (safe; 4% risk of failure)
Confirm with . or Enter, or press ? or * to list all spells.
Aiming: Corona (safe; 1% risk of failure)
Press: ? - help, Shift-Dir - straight line, f/p - phantom
Aim: a phantom (heavily damaged, chance to defeat MR: 47%)
You miscast Corona.
You are very lightly contaminated with residual magic.
Strange energies run through your body. The phantom hits you!
You die...

#.#####.# ##
#.#####.#####################.
#......>......................
#######.################...... #
...#.# #.####. #.#.###.#†#
#.#....
#.......).################......
.....###.#......#........######..
#### #.#.....W@................
.# #.##.....#........######.#
.##### #.##.....#........# #..
.....# #.##.....#........# ###
####W# #.##.....#........# #†...#
..########........# #o####
#........# #.# ########## ######
#.W..o(.. #.....


You could see a phantom.

Vanquished Creatures
  Sigmund (D:3)
  An ice beast (D:5)
  A hound (D:5)
  A jelly (D:5)
  5 orc wizards
  2 centaur skeletons (D:4)
  An iguana (D:2)
  Ijyb (D:3)
  4 worker ants
  2 gnolls (D:1)
  6 adders
  4 oozes
  2 dart slugs (D:1)
  3 leopard geckos
  20 orcs
  4 giant cockroaches
  8 hobgoblins
  2 jackals (D:3)
  3 quokkas
  4 ball pythons
  8 bats
  3 frilled lizards
  6 goblins
  6 kobolds
  A quokka skeleton (D:5)
  11 rats
110 creatures vanquished.

Vanquished Creatures (others)
  A dancing weapon (D:4)
1 creature vanquished.

Grand Total: 111 creatures vanquished

Notes
Turn   | Place    | Note
-------+----------+-------------------------------------------
     0 | D:1      | MisterOstroum the Spriggan Enchanter began the quest for
                  | the Orb.
     0 | D:1      | Reached XP level 1. HP: 9/9 MP: 5/5
   179 | D:1      | Reached skill level 3 in Spellcasting
   212 | D:1      | Reached XP level 2. HP: 11/13 MP: 4/7
   216 | D:1      | Learned a level 2 spell: Ensorcelled Hibernation
   646 | D:1      | Reached XP level 3. HP: 11/16 MP: 3/8
  1548 | D:2      | Reached XP level 4. HP: 21/21 MP: 1/10
  1928 | D:2      | Found a radiant altar of Vehumet.
  2175 | D:2      | Reached skill level 4 in Spellcasting
  2890 | D:3      | Reached XP level 5. HP: 21/24 MP: 5/12
  3175 | D:3      | Learned a level 3 spell: Confuse
  3179 | D:3      | Learned a level 3 spell: Tukima's Dance
  3183 | D:3      | Learned a level 3 spell: Dazzling Spray
  3187 | D:3      | Noticed Ijyb
  3222 | D:3      | Killed Ijyb
  3243 | D:3      | Noticed Sigmund
  3338 | D:3      | Reached skill level 5 in Hexes
  3440 | D:3      | Killed Sigmund
  3440 | D:3      | Reached skill level 5 in Spellcasting
  3440 | D:3      | Reached skill level 1 in Ice Magic
  3440 | D:3      | Reached XP level 6. HP: 5/28 MP: 12/14
  4034 | D:5      | Entered Level 5 of the Dungeon
  4034 | D:5      | Found a staircase to the Ecumenical Temple.
  4062 | Temple   | Entered the Ecumenical Temple
  4399 | Temple   | Became a worshipper of Makhleb the Destroyer
  4778 | D:5      | Found a shattered altar of Ashenzari.
  4869 | D:5      | Noticed an ice beast
  4877 | D:5      | Killed an ice beast
  4877 | D:5      | Reached XP level 7. HP: 32/32 MP: 16/16
  4909 | D:5      | Reached skill level 6 in Spellcasting
  4939 | D:5      | Found a blossoming altar of Fedhas.
  5198 | D:5      | Found an iron altar of Okawaru.
  5358 | D:4      | Reached skill level 5 in Short Blades
  5358 | D:4      | Reached skill level 5 in Stealth
  5462 | D:4      | Reached * piety under Makhleb
  6074 | D:4      | Slain by a phantom

Skill      XL: |  1  2  3  4  5  6  7 |
---------------+----------------------+-----
Spellcasting   | 3 4 5 6 |  6.0
Short Blades   | 2 3 4 5 |  5.2
Hexes          | 4 5 |  5.0
Ice Magic      | 1 2 3 |  3.4
Stealth        | 5 |  5.4
Dodging        | |  3.0

Action                   |  1- 3 |  4- 6 |  7- 9 || total
-------------------------+-------+-------+-------++-------
Melee: Dagger            |   122 |   131 |    80 ||   333
       Blowgun           |       |     2 |       ||     2
 Fire: Blowgun           |       |    11 |       ||    11
Throw: Stone             |    33 |    21 |       ||    54
 Cast: Corona            |     5 |     3 |     1 ||     9
       Ensorcelled Hiber |    37 |    56 |    36 ||   129
       Confuse           |       |     7 |     8 ||    15
       Dazzling Spray    |       |       |     3 ||     3
       Tukima's Dance    |       |       |     1 ||     1
  Use: Scroll            |     1 |     3 |       ||     4
       Potion            |       |     3 |       ||     3
 Stab: Sleeping          |    18 |    37 |    17 ||    72
       Confused          |       |     2 |     3 ||     5
       Distracted        |       |       |     1 ||     1
  Eat: Ration            |       |     3 |     1 ||     4
Armor: Robe              |     8 |    25 |     3 ||    36
Dodge: Dodged            |   101 |   114 |    48 ||   263
